 Dungeon Crawl Stone Soup version 0.32-a0-391-gce5c0aa (webtiles) character file.

Game seed: 9875179283323865547

670 marwff the Destroyer (level 7, 0/36 HPs)
             Began as a Deep Elf Conjurer on Feb 19, 2024.
             Slain by a killer bee (2 damage)
             ... on level 5 of the Dungeon.
             The game lasted 00:21:59 (5211 turns).

marwff the Destroyer (Deep Elf Conjurer)            Turns: 5211, Time: 00:21:59

Health: 0/36       AC:  6    Str:  4    XL:     7   Next: 32%
Magic:  18/18      EV: 15    Int: 25    God:
Gold:   260        SH:  0    Dex: 19    Spells: 7/18 levels left

rFire   . . .        w - +1 dagger (flame)
rCold   . . .        (no shield)
rNeg    . . .        k - +0 robe {Will+}
rPois   .            (no helmet)
rElec   .            h - +0 cloak
rCorr   .            a - +1 Delatra's gloves {ID++}
SInv    .            r - +0 pair of boots
Will    +....        (no amulet)
Stlth   ++           c - ring of wizardry
HPRegen 0.26/turn    y - +6 ring of dexterity
MPRegen 0.16/turn

%: wizardry (x1)
@: lethally poisoned (0 -> -15), about to teleport
A: no striking features
a: no special abilities


You were on level 5 of the Dungeon.
You visited 1 branch of the dungeon, and saw 5 of its levels.

You collected 260 gold pieces.

Inventory:

Hand Weapons
 w - a +1 dagger of flaming (weapon)
Missiles
 g - 4 poisoned darts (quivered)
Armour
 a - the +1 Delatra's gloves (worn) {ID++}
   (You found it on level 2 of the Dungeon)

   ID++:      It heals its wearer when they drink unknown potions, and restores
   their MP when they read unknown scrolls.
 h - a +0 cloak (worn)
 k - a +0 robe of willpower (worn)
 r - a +0 pair of boots (worn)
Jewellery
 c - a ring of wizardry (left hand)
 y - a +6 ring of dexterity (right hand)
Talismans
 p - a flux talisman
Wands
 t - a wand of acid (10)
Scrolls
 e - a scroll of amnesia {unknown}
 j - 2 scrolls of enchant weapon {unknown}
 l - 2 scrolls of teleportation
 m - 2 scrolls of fear {unknown}
 n - 2 scrolls of vulnerability {unknown}
 q - a scroll of torment {unknown}
 s - 2 scrolls of blinking {unknown}
 u - a scroll of brand weapon {unknown}
 v - 2 scrolls of enchant armour {unknown}
 x - a scroll of identify {unknown}
 z - a scroll of immolation {unknown}
Potions
 b - 2 potions of magic
 d - 3 potions of attraction {unknown}
 f - 2 potions of might {unknown}
 i - 3 potions of heal wounds {unknown}
 o - a potion of brilliance {unknown}
 A - a potion of invisibility {unknown}


   Skills:
 + Level 4.8 Dodging
 - Level 2.4 Stealth
 - Level 6.0 Spellcasting
 - Level 8.0 Conjurations


You had 7 spell levels left.
You knew the following spells:

 Your Spells              Type           Power      Damage    Failure   Level
a - Magic Dart            Conj           100%       1d8       1%          1
b - Searing Ray           Conj           94%        2d7       1%          2
c - Fulminant Prism       Conj/Alch      13%        3d8       6%          4
d - Iskenderun's Mystic   Conj/Tloc      27%        2d7       6%          4

Your spell library contained the following spells:

 Spells                   Type           Power      Damage    Failure   Level


Dungeon Overview and Level Annotations

Branches:
Dungeon (5/15)
 Temple: D:4-7

Altars:
Makhleb
Xom

Shops:
D:1 :   D:4 [

Annotations:
D:5 1 runed translucent door


Message History

The killer bee buzzes angrily.
The searing ray hits the killer bee.
The killer bee is moderately wounded. (Press . to maintain the ray.)
The killer bee closely misses you. The killer bee stings you!
Aiming: Corrosive Bolt
Press: ? - help, Shift-Dir - straight line, f - killer bee
Aim: a killer bee (43% to hit)
The bolt of acid hits the killer bee!
The acid corrodes the killer bee!
The killer bee is almost dead.
The bolt of acid hits the killer bee!
The killer bee is almost dead.
The bolt of acid misses the killer bee.
The killer bee stings you.
* * * LOW HITPOINT WARNING * * *
The killer bee stings you!
* * * LOW HITPOINT WARNING * * *
The killer bee stings you.
* * * LOW HITPOINT WARNING * * *
A hound comes into view.
As you read the scroll labelled BAUD FOTER, it crumbles to dust.
You feel strangely unstable.
It was a scroll of teleportation.
The energy of discovery flows from your fingertips!
Magic courses through your body. The killer bee stings you.
* * * LOW HITPOINT WARNING * * *
You are poisoned.
The killer bee poisons you! The killer bee barely misses you. x2
The killer bee closely misses you. The killer bee barely misses you.
The killer bee stings you.
* * * LOW HITPOINT WARNING * * *
Okay, then.
There are monsters nearby!
* * * LOW HITPOINT WARNING * * *
You feel very sick. The killer bee barely misses you.
The killer bee stings you.
* * * LOW HITPOINT WARNING * * *
You are more poisoned.
The killer bee poisons you! The killer bee misses you.
The killer bee closely misses you. The killer bee misses you.
The killer bee stings you.
You die...

#...#.##.# ##...##
##.......# ##.....##
#..#.##.###.......##
###.......##.........#
...........'.........+
####..<.#.##.........#
#.#..#.###.......##
#.......###.....##
###..##.# ##y@y## #).#
# ##y## #.<# #y#
#.......# #h#
#.###.#.# #.. #.# #
... #.. ... ### #+#.


You could see a hound and 4 killer bees.

Vanquished Creatures
  Sigmund (D:3)
  A scorpion (D:4)
  A crimson imp (D:4)
  A jelly (D:5)
  Jessica (D:3)
  An iguana (D:4)
  Ijyb (D:3)
  4 orc wizards
  4 adders
  A shadow imp (D:5)
  4 ribbon worms
  2 dart slugs
  11 orcs
  7 endoplasms
  9 goblins
  8 hobgoblins
  5 jackals
  9 kobolds
  2 quokkas
  7 ball pythons
  3 bats
  3 frilled lizards (D:1)
  5 rats
91 creatures vanquished.

Vanquished Creatures (others)
  10 fulminant prisms
10 creatures vanquished.

Grand Total: 101 creatures vanquished

Notes
Turn   | Place    | Note
-------+----------+-------------------------------------------
     0 | D:1      | marwff the Deep Elf Conjurer began the quest for the Orb.
     0 | D:1      | Reached XP level 1. HP: 10/10 MP: 6/6
   100 | D:1      | Reached XP level 2. HP: 15/15 MP: 1/8
   103 | D:1      | Learned a level 2 spell: Searing Ray
   161 | D:1      | Found a faded altar of an unknown god.
   184 | D:1      | Reached skill level 5 in Conjurations
   403 | D:1      | Reached XP level 3. HP: 19/19 MP: 7/9
   580 | D:1      | Found Ysysem's Vocational Training.
  1078 | D:2      | Found the +1 Delatra's gloves {ID++}
  1083 | D:2      | Reached skill level 6 in Conjurations
  1083 | D:2      | Reached XP level 4. HP: 22/24 MP: 5/10
  1503 | D:2      | Learned a level 4 spell: Fulminant Prism
  2236 | D:3      | Reached skill level 7 in Conjurations
  2237 | D:3      | Reached XP level 5. HP: 28/28 MP: 7/11
  2316 | D:3      | Noticed Sigmund
  2674 | D:3      | Noticed Ijyb
  3290 | D:3      | Noticed Jessica
  3293 | D:3      | Killed Jessica
  3560 | D:3      | Killed Ijyb
  3712 | D:3      | Killed Sigmund
  3713 | D:3      | Reached skill level 8 in Conjurations
  3713 | D:3      | Reached XP level 6. HP: 28/32 MP: 0/15
  4062 | D:4      | Reached skill level 5 in Spellcasting
  4109 | D:4      | Learned a level 4 spell: Iskenderun's Mystic Blast
  4143 | D:4      | Found Jiqu's Antique Armour Shoppe.
  4647 | D:4      | Reached XP level 7. HP: 36/36 MP: 12/18
  4844 | D:4      | Found a burning altar of Makhleb.
  4844 | D:4      | Found a shimmering altar of Xom.
  5049 | D:5      | Entered Level 5 of the Dungeon
  5206 | D:5      | Found a runed translucent door.
  5211 | D:5      | HP: 2/36 [killer bee (6)]
  5211 | D:5      | Slain by a killer bee

Illustrated notes

Levels and vault maps discovered:
D:1:      matt_arrival_diagonals, layout_rooms,
          hellmonk_ecumenical_altar_heavens_door, serial_co_window_serial,
          co_window_paths_b, co_window_of_opportunity_a, co_window_corner_a,
          co_window_of_opportunity_a, co_window_paths_a, co_window_broadway_b,
          co_window_unsneaky_path_b, co_window_broadway_a, co_window_paths_e,
          glass_columns_a, glass_columns_c, nicolae_shop_vocational
D:2:      kennysheep_six_static_rooms, layout_basic, serial_glass,
          glass_columns_a, glass_columns_b, glass_columns_c, glass_columns_c,
          glass_columns_b, glass_columns_a, pf_guarded_unrand_delatra
D:3:      layout_basic, chequers_serial_rivers_large_b, uniq_jessica,
          uniq_sigmund, uniq_ijyb
D:4:      minmay_recursive_quarters, layout_loops_ring,
          grunt_temple_overflow_champion_of_chaos, serial_shops, shop
D:5:      layout_loops_corners, hellmonk_ghost_happy_afterlife

Skill      XL: |  1  2  3  4  5  6  7 |
---------------+----------------------+-----
Conjurations   | 5 6 7 8 |  8.0
Spellcasting   | 4 6 |  6.0
Dodging        | 3 4 |  4.8
Stealth        | |  2.4

Action                     |  1- 3 |  4- 6 |  7- 9 || total
---------------------------+-------+-------+-------++-------
  Melee: Dagger            |     2 |     2 |     1 ||     5
  Throw: Dart              |       |     2 |       ||     2
   Cast: Magic Dart        |    33 |    60 |     4 ||    97
         Searing Ray       |     4 |    22 |     2 ||    28
         Fulminant Prism   |       |     7 |     3 ||    10
         Iskenderun's Myst |       |       |     1 ||     1
  Evoke: Wand              |       |       |     1 ||     1
    Use: Scroll            |       |       |     1 ||     1
   Stab: Sleeping          |       |       |     1 ||     1
 Armour: Robe              |     4 |     4 |     9 ||    17
  Dodge: Dodged            |     8 |     2 |    10 ||    20
   Form: Flux              |       |       |     1 ||     1

Table legend: (Time is in decaauts)
 A = Elapsed time spent in this place.
 B = Non-inter-level travel time spent in this place.
 C = Inter-level travel time spent in this place.
 D = Time resting spent in this place.
 E = Time spent auto-exploring this place.
 F = Levels seen in this place.
 G = Mean time per level.
                   A        B        C        D        E       F      G
               +--------+--------+--------+--------+--------+-----+--------+
         Total |   5255 |   5108 |    147 |    873 |   3655 |   5 | 1051.0 |
       Dungeon |   5255 |   5108 |    147 |    873 |   3655 |   5 | 1051.0 |
               +--------+--------+--------+--------+--------+-----+--------+

Top non-repeatable levels by time:
     D:3: 1969 daAuts
     D:4: 1101 daAuts
     D:1: 1077 daAuts
     D:2: 945 daAuts
     D:5: 161 daAuts
